 Dungeon Crawl Stone Soup version 0.30.1-11-g7821555f0a (webtiles) character file.

Game seed: 15272860063484459553

644 jagang the Cudgeller (level 7, -1/46 (55) HPs)
             Began as a Demonspawn Fighter on Dec 13, 2023.
             Slain by a wight
             ... wielding a +0 falchion
              (4 damage)
             ... on level 4 of the Dungeon.
             The game lasted 00:06:54 (2647 turns).

jagang the Cudgeller (Demonspawn Fighter)           Turns: 2647, Time: 00:06:54

HP:   -1/46 (55)    AC: 13    Str: 18    XL:     7   Next: 27%
MP:   7/7           EV:  8    Int: 10    God:
Gold: 91            SH:  8    Dex: 12    Spells: 6/6 levels left

rFire   . . .        a - +0 flail
rCold   . . .        y - +0 kite shield
rNeg    . . .        b - +0 scale mail
rPois   .            (no helmet)
rElec   .            B - +0 cloak
rCorr   .            (no gloves)
SInv    .            w - +2 pair of boots
Will    .....        x - amulet of regeneration Stlth
                     (no ring)
HPRegen 1.07/turn    (no ring)
MPRegen 0.10/turn

%: no passive effects
@: heavily drained
A: powered by death 2, sharp scales 2, demonic touch 2
a: no special abilities


You were on level 4 of the Dungeon.
You visited 1 branch of the dungeon, and saw 4 of its levels.

You collected 91 gold pieces.

Inventory:

Hand Weapons
 a - a +0 flail (weapon)
 g - a +1 whip
Missiles
 l - 9 poisoned darts (quivered)
Armour
 b - a +0 scale mail (worn)
 w - a +2 pair of boots (worn)
 y - a +0 kite shield (worn)
 B - a +0 cloak (worn)
Jewellery
 x - an amulet of regeneration (around neck)
Scrolls
 f - a scroll of enchant weapon
 h - a scroll of amnesia
 j - a scroll of poison
 n - a scroll of teleportation
 p - a scroll of fear
Potions
 c - a potion of ambrosia {unknown}
 d - a potion of might
 e - 3 potions of curing {unknown}
 k - 2 potions of lignification {unknown}
 m - a potion of invisibility {unknown}
 o - a potion of cancellation {unknown}
 s - 2 potions of heal wounds {unknown}
 t - a potion of mutation {unknown}
 u - a potion of flight {unknown}
 v - a potion of degeneration {unknown}


   Skills:
 + Level 4.5 Fighting
 * Level 4.8 Maces & Flails
 + Level 4.1 Armour
 + Level 4.2 Shields


You had 6 spell levels left.
You didn't know any spells.
Your spell library contained the following spells:

 Spells                   Type           Power      Damage    Failure   Level
 Necrotise                Necr           0%         1d4       96%         1
 Sublimation of Blood     Necr           0%         N/A       99%         2
 Vampiric Draining        Necr           0%         2d6       100%        3
 Agony                    Necr           0%         N/A       100%        5


Dungeon Overview and Level Annotations

Branches:
Dungeon (4/15)
 Temple: D:4-7

Altars:
Cheibriados
Hepliaklqana
Trog


Innate Abilities, Weirdness & Mutations

You regenerate health from kills.
You are mostly covered in razor-sharp scales. (AC +2, Slay +2)
Your touch may inflict irresistible damage on your foes.


Message History

The wight attacks as you move away! The wight closely misses you.
The wight attacks as you move away! You block the wight's attack.
The wight hits you with a +0 dire flail.
You hit the wight.
The wight is moderately damaged.
You block the goblin's attack.
The wight hits you from afar with a +0 spear.
You feel drained. You block the wight's attack.
The wight hits you with a +0 falchion.
You barely miss the wight.
The wight is moderately damaged.
The goblin hits you but does no damage.
The wight hits you but does no damage. x2
You block the wight's attack. The wight completely misses you.
You block the wight's attack. The goblin hits you but does no damage.
The wight barely misses you.
You hit the wight but do no damage. The goblin hits you with a +0 club.
The wight hits you but does no damage. The wight closely misses you.
The wight completely misses you. The wight hits you but does no damage.
You barely miss the wight. The goblin barely misses you.
You block the wight's attack. The wight closely misses you.
You block the wight's attack. The wight hits you but does no damage.
The wight completely misses you. The wight hits you with a +0 falchion.
The wight hits you but does no damage. You block the goblin's attack.
The wight hits you from afar with a +0 spear.
You feel drained.
You hit the wight.
The wight is moderately damaged.
You block the goblin's attack. The wight barely misses you.
The wight hits you with a +0 dire flail!
You feel drained. The wight hits you with a +0 falchion.
You feel drained. The wight hits you but does no damage.
You hit the wight.
The wight is heavily damaged.
You block the goblin's attack.
The wight hits you from afar with a +0 spear.
You feel drained.
The wight hits you with a +0 dire flail!
* * * LOW HITPOINT WARNING * * *
The wight barely misses you. The wight hits you with a +0 falchion.
You die...

#### #... #... ### #...
..# #...###.#
+###...#)#.# .
.....##.##.# ...
.....#.#...##########....
...##.##.....#..@zz......
§..#.#.......#.zzg.......
###§##..#....#...).......
§§§#§...#....'...........
§§§#..###)...#......>....
§§§#.........#....#######
####...##....#....#
...'##....#....#
##..##....#....#


You could see 4 wights and a goblin.

Vanquished Creatures
  Grinder (D:3)
  An ogre (D:4)
  A scorpion (D:3)
  A wight (D:4)
  Crazy Yiuf (D:3)
  Jessica (D:3)
  Natasha (thrice) (D:3)
  A gnoll (D:4)
  5 adders
  A worm (D:3)
  A dart slug (D:1)
  5 ball pythons
  4 bats
  6 endoplasms
  4 giant cockroaches
  9 goblins
  7 hobgoblins
  3 jackals (D:1)
  4 quokkas
  2 frilled lizards
  6 kobolds
  4 rats
71 creatures vanquished.

Notes
Turn   | Place    | Note
-------+----------+-------------------------------------------
     0 | D:1      | jagang the Demonspawn Fighter began the quest for the Orb.
     0 | D:1      | Reached XP level 1. HP: 18/18 MP: 1/1
   103 | D:1      | Gained mutation: You are partially covered in razor-sharp
                  | scales. (AC +1, Slay +1) [demonic ancestry]
   103 | D:1      | Reached XP level 2. HP: 8/24 MP: 2/2
   847 | D:2      | Gained mutation: You regenerate a little health from kills.
                  | [demonic ancestry]
   847 | D:2      | Reached XP level 3. HP: 27/29 MP: 3/3
  1289 | D:2      | Found a hazy altar of Hepliaklqana.
  1566 | D:3      | Found a bloodstained altar of Trog.
  1618 | D:3      | Gained mutation: Your touch may inflict minor irresistible
                  | damage on your foes. [demonic ancestry]
  1618 | D:3      | Reached XP level 4. HP: 35/35 MP: 4/4
  1681 | D:3      | Noticed Jessica
  1684 | D:3      | Killed Jessica
  1694 | D:3      | Got Jessica's Grimoire of the Cemetery
  1845 | D:3      | Found a snail-covered altar of Cheibriados.
  1879 | D:3      | Noticed Natasha
  1889 | D:3      | Killed Natasha
  1890 | D:3      | Gained mutation: You are mostly covered in razor-sharp
                  | scales. (AC +2, Slay +2) [demonic ancestry]
  1890 | D:3      | Reached XP level 5. HP: 32/42 MP: 5/5
  1968 | D:3      | Noticed Natasha
  1978 | D:3      | Killed Natasha
  2006 | D:3      | Found a runed translucent door.
  2007 | D:3      | Noticed Crazy Yiuf
  2203 | D:3      | Noticed Grinder
  2226 | D:3      | Paralysed by Grinder for 4 turns
  2232 | D:3      | Killed Grinder
  2233 | D:3      | Gained mutation: Your touch may inflict irresistible damage
                  | on your foes. [demonic ancestry]
  2233 | D:3      | Reached XP level 6. HP: 29/48 MP: 6/6
  2323 | D:3      | Noticed Natasha
  2331 | D:3      | Killed Natasha
  2415 | D:3      | Killed Crazy Yiuf
  2625 | D:4      | Gained mutation: You regenerate health from kills. [demonic
                  | ancestry]
  2625 | D:4      | Reached XP level 7. HP: 55/55 MP: 7/7
  2647 | D:4      | Slain by a wight

Illustrated notes

Levels and vault maps discovered:
D:1:      dpeg_arrival_pits, layout_basic, feat_on_display
D:2:      layout_loops_ring, basic_altar, kennysheep_generic_room_14
D:3:      layout_basic, lightli_temple_of_fire, cheibriados_altar_1,
          kennysheep_jessica_study, uniq_grinder, uniq_natasha,
          uniq_crazy_yiuf_cottage
D:4:      layout_gridville, minmay_temple_entry_statues,
          nicolae_shop_i_like_small_books_too, kennysheep_nondescript,
          minmay_vboxes, uniq_duvessa

Skill      XL: |  1  2  3  4  5  6 |
---------------+-------------------+-----
Maces & Flails | 2 3 4 |  4.8
Shields        | 3 4 |  4.2
Armour         | 3 4 |  4.1
Fighting       | 4 |  4.5

Action                     |  1- 3 |  4- 6 |  7- 9 || total
---------------------------+-------+-------+-------++-------
  Melee: Flail             |   129 |    96 |    15 ||   240
    Use: Scroll            |       |    10 |       ||    10
 Armour: Scale mail        |    79 |    35 |    18 ||   132
  Dodge: Dodged            |    70 |    27 |    25 ||   122
  Block: Buckler           |    35 |     1 |       ||    36
         Kite shield       |       |    44 |    21 ||    65
